 Dungeon Crawl Stone Soup version 0.26.0-18-gc5c842f807 (webtiles) character file.

Game seed: 3694457474989611230

134 kaeus the Firebug (level 5, 0/28 HPs)
             Began as a Gargoyle Fire Elementalist on Jan 22, 2021.
             Was an Initiate of the Shining One.
             Slain by an ogre
             ... wielding a +0 giant club
              (12 damage)
             ... on level 3 of the Dungeon.
             The game lasted 00:02:45 (3255 turns).

kaeus the Firebug (Gargoyle Fire Elementalist)      Turns: 3255, Time: 00:02:46

Health: 0/28       AC:  6    Str: 11    XL:     5   Next: 17%
Magic:  3/9        EV: 12    Int: 17    God:    the Shining One [......]
Gold:   139        SH:  0    Dex: 10    Spells: 9/10 levels left

rFire    . . .     SeeInvis .   l - +0 dagger (holy)
rCold    . . .     Faith    .   (no shield)
rNeg     + . .     Spirit   .   a - +0 robe
rPois    ∞         Reflect  .   (no helmet)
rElec    +         Harm     .   (no cloak)
rCorr    .         Rampage  .   (no gloves)
Will     .....                  (no boots)
Stlth    +.........             (no amulet)
HPRegen  0.09/turn              (no ring)
MPRegen  0.11/turn              (no ring)

@: glowing
A: negative energy resistance 1, electricity resistance, unbreathing,
petrification resistance, miasma immunity, AC +4
a: Renounce Religion


You were on level 3 of the Dungeon.
You worshipped the Shining One.
The Shining One was noncommittal.
You visited 1 branch of the dungeon, and saw 3 of its levels.

You collected 139 gold pieces.

Inventory:

Hand Weapons
 l - a +0 dagger of holy wrath (weapon)
Armour
 a - a +0 robe (worn)
Jewellery
 h - an uncursed ring of willpower {unknown}
Scrolls
 b - 3 scrolls of fear {unknown}
 e - a scroll of random uselessness {unknown}
 f - 3 scrolls of identify {unknown}
 k - a scroll of enchant armour {unknown}
Potions
 d - 3 potions of haste {unknown}
 g - a potion of mutation {unknown}
 i - a potion of attraction {unknown}
 j - a potion of resistance {unknown}


   Skills:
 - Level 1.5 Dodging
 - Level 2.1 Stealth
 + Level 3.1 Spellcasting
 + Level 3.1 Conjurations
 + Level 4.1 Fire Magic


You had 9 spell levels left.
You knew the following spells:

 Your Spells              Type           Power        Failure   Level
a - Foxfire               Conj/Fire      56%          4%          1

Your spell library contained the following spells:

 Spells                   Type           Power        Failure   Level
 Conjure Flame            Conj/Fire      14%          12%         3
 Inner Flame              Hex/Fire       9%           22%         3
 Sticky Flame             Conj/Fire      14%          36%         4
 Fireball                 Conj/Fire      7%           73%         5


Dungeon Overview and Level Annotations

Branches:
Dungeon (3/15)

Altars:
Fedhas
Kikubaaqudgha
Makhleb
Okawaru
Uskayaw
Vehumet
Wu Jian
Xom
The Shining One


Innate Abilities, Weirdness & Mutations

You are resistant to torment.
Your stone body is resilient. (AC +4)
You are immune to poison.
You resist negative energy. (rN+)
You are resistant to electric shocks. (rElec)
You can survive without breathing.
You are immune to petrification.
You are immune to miasma.


Message History

You now have 0/9 mp.
An ogre is nearby!
The foxfire hits the ogre but does no damage.
The ogre is moderately wounded.
The foxfire hits the ogre.
The ogre is moderately wounded.
An ogre is nearby!
You hit the ogre.
The ogre is heavily wounded.
The ogre hits you with a +0 giant club!!
Ouch! That really hurt!
You take 18 damage, and have 10/28 hp.
MASSIVE DAMAGE!!
An ogre is nearby!
You are too injured to fight recklessly!
The ogre closely misses you.
There is a stone staircase leading up here.
You hit the ogre.
The ogre is heavily wounded.
The ogre hits you with a +0 giant club!
You die...

#.#_#.............#
##..#..............#
.###................$.#
.........<...#.......##
####...########.....##
##.## ##...## #.# ##.##
#.###########.#
#..........O@.#
......#############
#######


You could see an ogre.

Vanquished Creatures
  A scorpion (D:3)
  3 adders
  A dart slug (D:1)
  2 leopard geckos
  3 orcs
  4 giant cockroaches
  3 goblins
  4 hobgoblins
  2 jackals (D:1)
  7 bats
  2 frilled lizards
  A jackal skeleton (D:3)
  10 kobolds
  8 rats
51 creatures vanquished.

Vanquished Creatures (others)
  91 foxfires
91 creatures vanquished.

Grand Total: 142 creatures vanquished

Notes
Turn   | Place    | Note
-------+----------+-------------------------------------------
     0 | D:1      | kaeus the Gargoyle Fire Elementalist began the quest for
                  | the Orb.
     0 | D:1      | Reached XP level 1. HP: 10/10 MP: 3/3
   269 | D:1      | Reached XP level 2. HP: 15/15 MP: 1/5
  1158 | D:2      | Reached XP level 3. HP: 19/19 MP: 4/6
  1383 | D:2      | Found an ornate altar of the Wu Jian Council.
  1904 | D:2      | Found an iron altar of Okawaru.
  1907 | D:2      | Found a shimmering altar of Xom.
  1908 | D:2      | Found a burning altar of Makhleb.
  1917 | D:2      | Found a radiant altar of Vehumet.
  1920 | D:2      | Found an ancient bone altar of Kikubaaqudgha.
  2175 | D:2      | Found a blossoming altar of Fedhas.
  2176 | D:2      | Found a hide-covered altar of Uskayaw.
  2207 | D:2      | Found a glowing golden altar of the Shining One.
  2306 | D:2      | Became a worshipper of the Shining One
  2365 | D:3      | Found a faded altar of an unknown god.
  2370 | D:3      | Noticed an ogre
  2755 | D:3      | Reached XP level 4. HP: 17/24 MP: 3/8
  2881 | D:3      | Reached skill level 4 in Fire Magic
  3151 | D:3      | Reached XP level 5. HP: 28/28 MP: 7/9
  3255 | D:3      | Slain by an ogre

Illustrated notes

Levels and vault maps discovered:
D:1:      dpeg_arrival_round_c, layout_basic
D:2:      layout_loops_cross, nicolae_overflow_crystal_walls,
          lemuel_round_altar, gammafunk_temple_overflow_statue,
          minmay_overflow_temple_star_hex
D:3:      layout_loops_ring, nicolae_qazlal_eye_of_the_storm,
          chequers_ecumenical_altar_simple

Skill      XL: |  1  2  3  4  5 |
---------------+----------------+-----
Conjurations   | 2 3 |  3.1
Spellcasting   | 3 |  3.1
Fire Magic     | 4 |  4.1
Dodging        | |  1.5
Stealth        | |  2.1

Action                   |  1- 3 |  4- 6 || total
-------------------------+-------+-------++-------
Melee: Spear             |    71 |       ||    71
       Dagger            |    48 |    29 ||    77
 Cast: Foxfire           |    54 |    22 ||    76
 Stab: Sleeping          |     4 |       ||     4
Armor: Robe              |    39 |     6 ||    45
Dodge: Dodged            |    80 |    12 ||    92
